 Dungeon Crawl Stone Soup version 0.20-a0-1065-g8446734 (webtiles) character file.

1523 galech the Skirmisher (level 8, -1/130 HPs)
             Began as an Ogre Berserker on Apr 28, 2017.
             Was a Priest of Trog.
             Slain by a slave (6 damage)
             ... led by Pikel
             ... on level 6 of the Dungeon.
             The game lasted 00:08:22 (5580 turns).

galech the Skirmisher (Ogre Berserker)              Turns: 5580, Time: 00:08:24

Health: -1/130     AC:  3    Str: 29    XL:     8   Next: 84%
Magic:  17/17      EV: 11    Int:  8    God:    Trog [***...]
Gold:   284        SH:  0    Dex: 12    Spells: 7/7 levels left

rFire    . . .     SeeInvis +   r - +9 long sword of Bucun {flame, rElec Dex+4}
rCold    . . .     Gourm    .   (no shield)
rNeg     . . .     Faith    .   b - +0 animal skin
rPois    .         Spirit   .   (helmet restricted)
rElec    +         Reflect  .   (no cloak)
rCorr    .         Harm     .   (gloves unavailable)
MR       ++...                  (boots unavailable)
Stlth    ..........             (no amulet)
Regen    1.4/turn               k - ring of magical power
MPRegen  0.2/turn               u - ring of see invisible

@: berserking, regenerating, very quick
A: unfitting armour, tough skin 1
a: Berserk, Trog's Hand, Burn Spellbooks, Renounce Religion


You were on level 6 of the Dungeon.
You worshipped Trog.
Trog was most pleased with you.
You were hungry.

You visited 1 branch of the dungeon, and saw 6 of its levels.

You collected 284 gold pieces.

Inventory:

Hand Weapons
 a - a +0 mace
 r - the +9 long sword of Bucun (weapon) {flame, rElec Dex+4}
   (You found it on level 4 of the Dungeon)

   It has been specially enchanted to burn those struck by it, causing extra
   injury to most foes and up to half again as much damage against particularly
   susceptible opponents.
   Big, fiery blades are also staple armaments of hydra-hunters.
   It affects your dexterity (+4).
   It insulates you from electricity.
Armour
 b - a +0 animal skin (worn)
Jewellery
 k - a ring of magical power (left hand)
 u - a ring of see invisible (right hand)
Wands
 y - a wand of lightning (5/15)
 z - a wand of clouds (4/9)
 A - a wand of disintegration (8/24)
 C - a wand of digging (6/24)
 D - a wand of polymorph (13/24)
Scrolls
 g - a scroll of fog {unknown}
 h - 2 scrolls of enchant armour {unknown}
 j - 11 scrolls of identify {unknown}
 l - 3 scrolls of remove curse {unknown}
 n - a scroll of teleportation {unknown}
 p - a scroll of enchant weapon {unknown}
 q - a scroll of recharging {unknown}
 s - a scroll of immolation {unknown}
 w - a scroll of amnesia {unknown}
 x - a scroll of noise {unknown}
Potions
 d - a potion of invisibility {unknown}
 e - 3 potions of curing {unknown}
 i - a potion of might {unknown}
 o - 2 potions of brilliance {unknown}
 t - a potion of cancellation {unknown}
 v - 2 potions of flight {unknown}
Comestibles
 c - a bread ration
 f - 3 royal jellies
 m - a meat ration
 B - 3 chunks of flesh


   Skills:
 + Level 7.2 Fighting
 + Level 5.1 Long Blades
 + Level 5.0 Maces & Flails
 + Level 4.5 Dodging
 + Level 1.7 Stealth


You had 7 spell levels left.
You didn't know any spells.

Dungeon Overview and Level Annotations

Branches:
Dungeon (6/15)
 Temple: D:4-7

Altars:
Cheibriados
Makhleb
Okawaru

Annotations:
D:6 Pikel


Innate Abilities, Weirdness & Mutations

You are too large for most types of armour.
You have tough skin. (AC +1)


Message History

You are too injured to fight recklessly!
Your skin crawls.
You feel resistant to hostile enchantments.
You feel somewhat more hungry.
Pikel hits you with a whip of electrocution.
* * * LOW HITPOINT WARNING * * *
The slave hits you!
* * * LOW HITPOINT WARNING * * *
The slave hits you.
* * * LOW HITPOINT WARNING * * *
The slave closely misses you.
You riposte.
You slice the slave!! You burn the slave.
The slave is almost dead.
A red film seems to cover your vision as you go berserk!
You feel yourself moving faster!
You feel mighty!
You are feeling hungry.
Pikel hits you with a whip of electrocution.
* * * LOW HITPOINT WARNING * * *
The slave barely misses you. The slave hits you.
You die...

##..####........#
.....##).#.....#
#..#.##..#.....#
##..#.##..#.....#
(...#.##..#.....#
#........#.....#
###..###.###.#.##
##.#.## #........##
#....########^#p@K#
................pp......
#....########.#.........
##.#.# #.##.#####..
###.# #.##.# # ..#
#.##.# ### #[.... #.#


You could see Pikel and 3 slaves.

Vanquished Creatures
  The ghost of galech the Skirmisher, a novice OgBe of Trog (D:6)
  Duvessa (D:6)
  A slave (D:6)
  A phantom (D:5)
  An ogre (D:4)
  A bullfrog (D:6)
  Dowan (D:6)
  2 scorpions
  A hound (D:6)
  2 orc wizards (D:5)
  A bullfrog skeleton (D:4)
  4 worker ants
  7 gnolls
  11 adders
  A shadow imp (D:5)
  2 oozes
  An adder skeleton (D:6)
  A worm (D:4)
  6 dart slugs
  2 leopard geckos
  12 orcs
  3 giant cockroaches
  13 hobgoblins
  3 jackals (D:1)
  10 kobolds
  2 quokkas
  2 ball pythons
  5 bats
  9 frilled lizards
  6 goblins
  10 rats
123 creatures vanquished.

Notes
Turn   | Place    | Note
-------+----------+-------------------------------------------
     0 | D:1      | galech the Ogre Berserker began the quest for the Orb.
     0 | D:1      | Reached XP level 1. HP: 24/24 MP: 1/1
   266 | D:1      | Reached XP level 2. HP: 32/32 MP: 2/2
   742 | D:1      | Reached XP level 3. HP: 8/39 MP: 3/3
  1164 | D:1      | Reached ** piety under Trog
  1827 | D:2      | Reached XP level 4. HP: 49/49 MP: 4/4
  2477 | D:3      | Found a snail-covered altar of Cheibriados.
  2938 | D:3      | Reached XP level 5. HP: 48/55 MP: 5/5
  3412 | D:4      | Got a fine long sword
  3413 | D:4      | Identified the +9 long sword of Bucun {flame, rElec Dex+4} (You found it on level 4 of the Dungeon)
  3454 | D:4      | Reached skill level 5 in Fighting
  3730 | D:4      | Reached *** piety under Trog
  3890 | D:4      | Reached XP level 6. HP: 55/66 MP: 6/6
  4338 | D:5      | Entered Level 5 of the Dungeon
  4401 | D:5      | Noticed a phantom
  4411 | D:5      | Killed a phantom
  4411 | D:5      | Reached skill level 1 in Long Blades
  4411 | D:5      | Reached skill level 5 in Maces & Flails
  4439 | D:5      | Reached XP level 7. HP: 35/74 MP: 7/7
  5298 | D:6      | Noticed galech's ghost (novice OgBe)
  5306 | D:6      | Killed galech's ghost
  5306 | D:6      | Reached skill level 6 in Fighting
  5306 | D:6      | Reached skill level 1 in Stealth
  5306 | D:6      | Reached XP level 8. HP: 84/84 MP: 8/8
  5375 | D:6      | Found an iron altar of Okawaru.
  5490 | D:6      | Found a burning altar of Makhleb.
  5512 | D:6      | Noticed Duvessa
  5512 | D:6      | Noticed Dowan
  5520 | D:6      | Killed Duvessa
  5520 | D:6      | Reached skill level 7 in Fighting
  5521 | D:6      | Killed Dowan
  5521 | D:6      | Reached skill level 5 in Long Blades
  5569 | D:6      | Noticed Pikel
  5580 | D:6      | HP: 5/130 [Pikel/whip of electrocution (3)]
  5580 | D:6      | Slain by a slave

Vault maps used:
D:1:      zaba_arrival_water
D:3:      kennysheep_slug_shrine, first_bread
D:4:      cheibrodos_old_hovel, kennysheep_generic_room_9
D:6:      makhleb_heckhound_becter, grunt_temple_overflow_open,
          old_standard_altar, uniq_duvessa, uniq_blork_the_orc, uniq_pikel

Skill      XL: |  1  2  3  4  5  6  7  8 |
---------------+-------------------------+-----
Maces & Flails | 3 4 5 |  5.0
Dodging        | 3 4 |  4.5
Fighting       | 5 6 7 |  7.2
Long Blades    | 1 4 5 |  5.1
Stealth        | 1 |  1.7

Action                   |  1- 3 |  4- 6 |  7- 9 || total
-------------------------+-------+-------+-------++-------
Melee: Mace              |   146 |    98 |       ||   244
       Long sword        |       |    39 |    54 ||    93
Invok: Berserk           |       |       |     3 ||     3
       Trog's Hand       |       |       |     3 ||     3
  Eat: Chunk             |     3 |     7 |     2 ||    12
       Royal jelly       |       |     1 |       ||     1
       Bread ration      |       |       |     1 ||     1
Armor: Animal skin       |    42 |    40 |     8 ||    90
Dodge: Dodged            |   102 |    81 |    31 ||   214
       Rpst.: Long sword |       |     9 |    12 ||    21
